 Dungeon Crawl Stone Soup version 0.30-a0-778-g2ef04afb54 (webtiles) character file.

Game seed: 6825532568925188920

722 Smoke131 the Thrower (level 7, -5/67 HPs)
             Began as an Ogre Gladiator on Feb 16, 2023.
             Slain by an iguana (10 damage)
             ... on level 5 of the Dungeon.
             The game lasted 00:10:29 (5119 turns).

Smoke131 the Thrower (Ogre Gladiator)               Turns: 5119, Time: 00:10:30

Health: -5/67      AC:  4    Str: 19    XL:     7   Next: 71%
Magic:  7/7        EV: 10    Int:  9    God:
Gold:   433        SH:  0    Dex: 12    Spells: 6/6 levels left

rFire   . . .      SeeInvis .    a - +1 war axe
rCold   . . .      Faith    .    (no shield)
rNeg    . . .      Spirit   .    b - +0 robe
rPois   .          Reflect  .    c - +0 hat
rElec   .          Harm     .    u - +0 cloak
rCorr   .          Rampage  .    (gloves unavailable)
Will    .....                    (boots unavailable)
Stlth   +                        (no amulet)
HPRegen 0.31/turn                (no ring)
MPRegen 0.10/turn                (no ring)

@: no status effects
A: large, unfitting armour, tough skin 1
a: no special abilities


You were on level 5 of the Dungeon.
You visited 1 branch of the dungeon, and saw 6 of its levels.
You also visited: Ossuary.

You collected 433 gold pieces.

Inventory:

Hand Weapons
 a - a +1 war axe (weapon)
Missiles
 d - 2 throwing nets (quivered)
 o - 44 stones
Armour
 b - a +0 robe (worn)
 c - a +0 hat (worn)
 u - a +0 cloak (worn)
Jewellery
 g - a ring of magical power
Scrolls
 h - a scroll of vulnerability
 q - a scroll of blinking
 v - a scroll of amnesia
 w - a scroll of enchant weapon
 y - 2 scrolls of teleportation
Potions
 f - a potion of magic {unknown}
 i - a potion of haste
 j - 2 potions of heal wounds
 k - a potion of brilliance {unknown}
 l - a potion of cancellation {unknown}
 n - 2 potions of curing {unknown}
 p - a potion of lignification {unknown}
 r - 2 potions of flight {unknown}
 s - 3 potions of mutation
 t - a potion of berserk rage {unknown}
 z - a potion of degeneration {unknown}


   Skills:
 - Level 3.0 Fighting
 - Level 3.0 Axes
 + Level 8.3 Throwing
 - Level 3.0 Dodging


You had 6 spell levels left.
You didn't know any spells.
Your spell library contained the following spells:

 Spells                   Type           Power      Damage    Failure   Level
 Beastly Appendage        Tmut           0%         N/A       38%         1
 Static Discharge         Conj/Air       0%         2-2/arc   52%         2
 Wereblood                Tmut           0%         N/A       52%         2
 Frozen Ramparts          Ice            0%         1d1       77%         3
 Spider Form              Tmut/Pois      0%         N/A       77%         3
 Ice Form                 Ice/Tmut       0%         N/A       99%         4
 Iskenderun's Mystic Bla  Conj/Tloc      0%         2d3       99%         4
 Summon Ice Beast         Ice/Summ       0%         N/A       99%         4
 Fire Storm               Conj/Fire      0%         5d1       100%        9


Dungeon Overview and Level Annotations

Branches:
Dungeon (6/15)            Ossuary (visited)
 Temple: D:4-7

Altars:


Innate Abilities, Weirdness & Mutations

You are too large for most types of armour.
You have tough skin. (AC +1)


Message History

a +0 club; a gnoll skeleton You now have 415 gold pieces (gained 9).
s - 3 potions of mutation (gained 1)
You now have 433 gold pieces (gained 18).
e - a large rock An iguana comes into view.
The iguana bites you.
You see here 7 stones.
You hit the iguana.
The iguana is lightly wounded.
The iguana bites you!
You slash the iguana!
The iguana is severely wounded.
The iguana bites you.
You hit the iguana.
The iguana is severely wounded.
The iguana closely misses you. x2
You barely miss the iguana.
The iguana is severely wounded.
The iguana bites you!
You barely miss the iguana.
The iguana is severely wounded.
The iguana bites you!
You barely miss the iguana.
The iguana is severely wounded.
The iguana bites you!
* * * LOW HITPOINT WARNING * * *
The iguana bites you but does no damage.
Throw: large rock
Press: ? - help, Q - select action, (/) - cycle Shift-Dir - straight line, f - iguana
Aim: an iguana (severely wounded, 66% to hit)
You throw a large rock.
The large rock barely misses the iguana.
The iguana bites you but does no damage.
You barely miss the iguana.
The iguana is severely wounded.
The iguana bites you!
* * * LOW HITPOINT WARNING * * *
The iguana bites you!
You die...

#.. #.. ... #.. #.# #.. #.# #..
#.# #### #.. ..[ .(# #.. #.# ##.#
#l# #.. #S# #>.. #@# #.# #.. #.#
#..# #.# #.###.. #.# #..#. #.#
#.#.... #S####..#.#####.# #.#.##.
#.).##..#.......# #.#.##.
###.##..###.####### #.#.##.
####.##..###.......########.#.#..
.................................
####.###########....#######.#.#..


You could see an iguana.

Vanquished Creatures
  A black bear (D:5)
  An ogre (D:5)
  A phantom (D:4)
  A scorpion (D:4)
  2 orc priests (D:3)
  An iguana (D:4)
  2 orc wizards
  8 mummies (Ossuary)
  Robin (D:2)
  5 adders
  4 gnolls
  A dart slug (D:2)
  A worm (D:2)
  6 orcs
  5 bats
  6 endoplasms
  A giant cockroach (D:2)
  2 gnoll zombies (Ossuary)
  13 goblins
  6 hobgoblins
  6 jackals
  3 quokkas
  2 ball pythons
  2 frilled lizards (D:2)
  3 hobgoblin zombies (Ossuary)
  5 kobolds
  3 kobold zombies (Ossuary)
  4 rats
96 creatures vanquished.

Notes
Turn   | Place    | Note
-------+----------+-------------------------------------------
     0 | D:1      | Smoke131 the Ogre Gladiator began the quest for the Orb.
     0 | D:1      | Reached XP level 1. HP: 22/22 MP: 1/1
   264 | D:1      | Reached XP level 2. HP: 25/31 MP: 2/2
   509 | D:1      | Found a faded altar of an unknown god.
   530 | D:1      | Reached skill level 3 in Throwing
   530 | D:1      | Reached XP level 3. HP: 31/37 MP: 3/3
  1032 | D:2      | Noticed Robin
  1049 | D:2      | Killed Robin
  1050 | D:2      | Reached XP level 4. HP: 39/45 MP: 4/4
  1062 | D:2      | Reached skill level 4 in Throwing
  1848 | D:3      | Got the Compilation of Outbursts
  2567 | D:4      | Noticed a scorpion
  2572 | D:4      | Killed a scorpion
  2573 | D:4      | Reached skill level 5 in Throwing
  2573 | D:4      | Reached XP level 5. HP: 51/53 MP: 5/5
  2634 | D:4      | Noticed a phantom
  2638 | D:4      | Killed a phantom
  2639 | D:4      | Reached skill level 6 in Throwing
  2639 | D:4      | Reached XP level 6. HP: 57/61 MP: 6/6
  3740 | D:5      | Entered Level 5 of the Dungeon
  3773 | D:5      | Noticed a black bear
  3854 | D:5      | Found a sand-covered staircase.
  3859 | Ossuary  | Entered an ossuary
  4155 | Ossuary  | Reached skill level 7 in Throwing
  4177 | Ossuary  | Reached XP level 7. HP: 21/67 MP: 7/7
  4763 | D:5      | Reached skill level 8 in Throwing
  5119 | D:5      | Slain by an iguana

Illustrated notes

Levels and vault maps discovered:
D:1:      grunt_arrival_lava_bath, layout_basic,
          dreamdust_ecumenical_altar_grove
D:2:      layout_loops_ring, uniq_robin
D:3:      layout_loops_cross
D:4:      layout_basic, minmay_misc_feat_ornament
D:5:      layout_loops_ring, enter_ossuary_2
D:6:      layout_cave_pods, st_stairs_14, uniq_sigmund, uniq_eustachio,
          uniq_edmund, uniq_pikel

Skill      XL: |  1  2  3  4  5  6  7 |
---------------+----------------------+-----
Fighting       | 3 |  3.0
Dodging        | 3 |  3.0
Throwing       | 3 5 6 7 8 |  8.3
Axes           | |  3.0

Action                     |  1- 3 |  4- 6 |  7- 9 || total
---------------------------+-------+-------+-------++-------
  Melee: War axe           |    93 |   158 |    66 ||   317
         Punch             |       |     1 |       ||     1
  Throw: Stone             |     7 |       |       ||     7
         Large rock        |       |     2 |     4 ||     6
         Throwing net      |       |     1 |       ||     1
    Use: Scroll            |       |     7 |     3 ||    10
         Potion            |       |       |     7 ||     7
 Armour: Robe              |    50 |    54 |    24 ||   128
  Dodge: Dodged            |    62 |    93 |    41 ||   196

Table legend: (Time is in decaauts)
 A = Elapsed time spent in this place.
 B = Non-inter-level travel time spent in this place.
 C = Inter-level travel time spent in this place.
 D = Time resting spent in this place.
 E = Time spent auto-exploring this place.
 F = Levels seen in this place.
 G = Mean time per level.
                   A        B        C        D        E       F      G
               +--------+--------+--------+--------+--------+-----+--------+
         Total |   5203 |   5176 |     27 |   1226 |   2662 |   7 |  743.3 |
       Dungeon |   4351 |   4324 |     27 |    685 |   2514 |   6 |  725.2 |
       Ossuary |    852 |    852 |      0 |    541 |    148 |   1 |  852.0 |
               +--------+--------+--------+--------+--------+-----+--------+

Top non-repeatable levels by time:
     D:4: 1102 daAuts
     D:3: 1052 daAuts
     D:2: 888 daAuts
 Ossuary: 852 daAuts
     D:1: 779 daAuts
     D:5: 361 daAuts
     D:6: 166 daAuts
